 Dungeon Crawl Stone Soup version 0.30-a0-390-g80c34de65d (webtiles) character file.

Game seed: 15158146568049674024

2783 cheesebisquit the Severer (level 9, -8/71 HPs)
             Began as a Minotaur Berserker on Dec 4, 2022.
             Was an Elder of Trog.
             Mangled by Maggie
             ... wielding a +2 glaive of distortion
              (18 damage)
             ... on level 7 of the Dungeon.
             The game lasted 00:45:37 (6568 turns).

cheesebisquit the Severer (Minotaur Berserker)      Turns: 6568, Time: 00:45:37

Health: -8/71      AC: 11    Str: 27    XL:     9   Next: 43%
Magic:  8/8        EV:  7    Int:  4    God:    Trog [****..]
Gold:   291        SH:  0    Dex:  9    Spells: 8/8 levels left

rFire   . . .      SeeInvis .    z - +0 war axe
rCold   . . .      Faith    +    y - orb {*Rage}
rNeg    . . .      Spirit   .    N - +0 plate armour
rPois   .          Reflect  .    (helmet restricted)
rElec   .          Harm     .    (no cloak)
rCorr   .          Rampage  .    (no gloves)
Will    .....      Rage     20%  (no boots)
Stlth   ..........               e - amulet of faith
HPRegen 0.31/turn                (no ring)
MPRegen 0.11/turn                (no ring)

@: on berserk cooldown, mesmerised, slowed, very slow
A: horns 2, retaliatory headbutt
a: Renounce Religion, Berserk, Trog's Hand, Brothers in Arms


You were on level 7 of the Dungeon.
You worshipped Trog.
Trog was greatly pleased with you.
You visited 1 branch of the dungeon, and saw 7 of its levels.

You collected 401 gold pieces.
You spent 110 gold pieces at shops.

Inventory:

Hand Weapons
 a - a +0 hand axe
 z - a +0 war axe (weapon)
Missiles
 q - 9 poisoned darts (quivered)
 r - 43 stones
Armour
 b - a +0 animal skin
 i - a +0 ring mail
 n - an orb of guile
 u - a +0 chain mail
 y - an orb of wrath (worn)
 G - a +1 chain mail of willpower
 J - a +0 scale mail
 N - a +0 plate armour (worn)
Jewellery
 e - an amulet of faith (around neck)
 K - an amulet of the acrobat
Wands
 o - a wand of polymorph (7)
 t - a wand of flame (58)
 x - a wand of quicksilver (5)
 I - a wand of paralysis (6)
Scrolls
 c - 4 scrolls of poison {unknown}
 g - 15 scrolls of identify
 h - a scroll of enchant weapon {unknown}
 j - 3 scrolls of vulnerability {unknown}
 k - 4 scrolls of butterflies {unknown}
 l - 3 scrolls of magic mapping {unknown}
 m - a scroll of torment {unknown}
 w - 3 scrolls of teleportation {unknown}
 C - a scroll of summoning {unknown}
 E - 2 scrolls of enchant armour {unknown}
 H - 3 scrolls of immolation {unknown}
 L - a scroll of silence {unknown}
 M - 2 scrolls of amnesia {unknown}
Potions
 d - a potion of mutation {unknown}
 f - 2 potions of curing
 p - a potion of lignification {unknown}
 s - a potion of ambrosia {unknown}
 v - 3 potions of degeneration {unknown}
 A - 3 potions of invisibility {unknown}
 B - a potion of berserk rage {unknown}
 D - a potion of cancellation {unknown}
 F - 2 potions of brilliance {unknown}


   Skills:
 - Level 3.7 Fighting
 + Level 15.5 Axes
 - Level 2.5 Armour
 - Level 2.3 Dodging


You had 8 spell levels left.
You didn't know any spells.
Your spell library was empty.

Dungeon Overview and Level Annotations

Branches:
Dungeon (7/15)             Temple (0/1) D:4

Altars:
Fedhas
Okawaru
Trog
Vehumet

Shops:
D:2 =   D:3 !   D:5 (   D:7 ?

Portals:
Bailey: D:7

Annotations:
D:7 Maggie


Innate Abilities, Weirdness & Mutations

You have a pair of horns on your head.
You reflexively headbutt those who attack you in melee.


Message History

The orc hits you but does no damage.
You feel better. Maggie hits you but does no damage.
The orc closely misses you. Maggie hits you but does no damage.
Space warps horribly around you!
* * * LOW HITPOINT WARNING * * *
The orc hits you but does no damage.
You are poisoned.
You feel better. Maggie barely misses you. You furiously retaliate!
You headbutt Maggie! The orc closely misses you.
You feel better.
You hear the loud creaking of a portcullis nearby.
Maggie mumbles the words to a spell, but in the wrong order.
Maggie hits you but does no damage. Space warps around you.
* * * LOW HITPOINT WARNING * * *
The orc hits you but does no damage.
You are poisoned.
Maggie mumbles some strange words.
Maggie draws you further into her thrall.
The orc hits you with a +2 hand axe of venom.
* * * LOW HITPOINT WARNING * * *
You are lethally poisoned!
Your ogre goes berserk!
* * * LOW HITPOINT WARNING * * *
You feel extremely sick.
Maggie mumbles some strange words.
Maggie draws you further into her thrall.
The orc hits you with a +2 hand axe of venom.
* * * LOW HITPOINT WARNING * * *
You are more poisoned.
The orc closely misses your ogre.
You feel better.
Your ogre barely misses the orc.
The orc barely misses you.
The orc hits your ogre with a +2 hand axe of venom.
Your ogre is poisoned.
Maggie mumbles some strange words.
Maggie draws you further into her thrall.
The orc hits you with a +2 hand axe of venom.
* * * LOW HITPOINT WARNING * * *
The orc hits your ogre with a +2 hand axe of venom.
Maggie hits you with a +2 glaive of distortion!!
You die...

........#..........#....#...
........#..........#....#...
........#'#######'####'##...
#####'#.......#...#.........
...#.......#...#.........
#....'.......#...#.........
.'....#.......#...#.........
.#....#.....@.#...+.........
#'####....@..###.#.........
. .......Oo....############
.............#
.............#
.............#
.............#
.............#
.............#
.............#


You could see Maggie (mesmerising), an orc (ally target) and a friendly ogre
(summoned, berserk, very poisoned).

Vanquished Creatures
  Grinder (D:3)
  Sigmund (D:4)
  A steam dragon (D:6)
  Duvessa (D:4)
  A water moccasin (D:5)
  An orc warrior (D:6)
  A sky beast (D:7)
  3 ice beasts
  3 black bears
  A centaur (D:6)
  A bullfrog (D:7)
  A scorpion (D:5)
  A necrophage (D:7)
  8 wights (D:6)
  Dowan (D:4)
  4 orc priests
  3 hounds
  Ijyb (D:5)
  3 iguanas
  Terence (D:3)
  2 orc wizards
  Robin (D:2)
  3 gnolls (D:6)
  8 adders
  2 white imps
  3 ufetubi
  2 worms
  A dart slug (D:5)
  25 orcs
  5 ball pythons
  8 bats
  5 endoplasms
  4 giant cockroaches
  17 goblins
  9 hobgoblins
  3 quokkas
  2 frilled lizards
  8 kobolds
  2 rats (D:3)
148 creatures vanquished.

Notes
Turn   | Place    | Note
-------+----------+-------------------------------------------
     0 | D:1      | cheesebisquit the Minotaur Berserker began the quest for
                  | the Orb.
     0 | D:1      | Reached XP level 1. HP: 19/19 MP: 0/0
   135 | D:1      | Reached skill level 4 in Axes
   203 | D:1      | Reached XP level 2. HP: 27/27 MP: 1/1
   592 | D:2      | Reached ** piety under Trog
   651 | D:2      | Reached XP level 3. HP: 28/33 MP: 2/2
   706 | D:2      | Noticed Robin
   720 | D:2      | Reached skill level 5 in Axes
   726 | D:2      | Killed Robin
   963 | D:2      | Found Biymeu's Jewellery Emporium.
  1229 | D:3      | Reached XP level 4. HP: 30/40 MP: 3/3
  1306 | D:3      | Reached skill level 6 in Axes
  1311 | D:3      | Found Rapnas's Distillery.
  1537 | D:3      | Found a blossoming altar of Fedhas.
  1680 | D:3      | Found a radiant altar of Vehumet.
  1684 | D:3      | Reached *** piety under Trog
  1691 | D:3      | Noticed Terence
  1695 | D:3      | Killed Terence
  1696 | D:3      | Reached XP level 5. HP: 46/46 MP: 4/4
  1701 | D:3      | Noticed Grinder
  1714 | D:3      | Killed Grinder
  1715 | D:3      | Reached skill level 8 in Axes
  1715 | D:3      | Reached XP level 6. HP: 23/52 MP: 5/5
  2568 | D:4      | Found a staircase to the Ecumenical Temple.
  2587 | D:4      | Reached skill level 9 in Axes
  2792 | D:4      | Reached XP level 7. HP: 58/58 MP: 6/6
  2889 | D:4      | Noticed Duvessa
  2889 | D:4      | Noticed Dowan
  2907 | D:4      | Killed Duvessa
  2908 | D:4      | Reached skill level 10 in Axes
  2910 | D:4      | Killed Dowan
  2922 | D:4      | Noticed Sigmund
  2941 | D:4      | Killed Sigmund
  3055 | D:4      | Reached skill level 11 in Axes
  3651 | D:5      | Entered Level 5 of the Dungeon
  3671 | D:5      | Found Ludoa's Weapon Boutique.
  3730 | D:5      | Reached XP level 8. HP: 58/66 MP: 7/7
  3811 | D:5      | Found a bloodstained altar of Trog.
  3828 | D:5      | Reached skill level 12 in Axes
  4279 | D:5      | Noticed Ijyb
  4289 | D:5      | Killed Ijyb
  4290 | D:5      | Reached skill level 13 in Axes
  4665 | D:6      | Reached **** piety under Trog
  4926 | D:6      | Reached skill level 14 in Axes
  4934 | D:6      | Reached XP level 9. HP: 70/70 MP: 8/8
  5041 | D:6      | Found an iron altar of Okawaru.
  6169 | D:7      | Found a flagged portal.
  6193 | D:7      | Reached skill level 15 in Axes
  6358 | D:7      | Found Cian's Magic Scroll Shoppe.
  6366 | D:7      | Bought a scroll of identify for 22 gold pieces
  6366 | D:7      | Bought a scroll of identify for 22 gold pieces
  6366 | D:7      | Bought a scroll of identify for 22 gold pieces
  6366 | D:7      | Bought 2 scrolls of identify for 44 gold pieces
  6524 | D:7      | Noticed Maggie
  6568 | D:7      | Mangled by Maggie

Illustrated notes

Levels and vault maps discovered:
D:1:      minmay_arrival_loop, layout_rooms
D:2:      layout_rooms, serial_shops, shop, serial_bayou_pond_d,
          grunt_decor_junction, uniq_robin
D:3:      layout_basic, lemuel_round_altar, vehumet_altar_wand_db, serial_shops,
          nicolae_shop_trees, uniq_terence, uniq_grinder
D:4:      layout_loops_ring, minmay_temple_entry_arrows, grunt_ministairs_11,
          uniq_duvessa, uniq_sigmund
D:5:      minmay_angry_zag, layout_rooms, trog_ov_bears_minmay, serial_shops,
          shop_statue, small_statue_intersection, chequers_serial_rivers_room_b,
          chequers_serial_rivers_large_b, minmay_misc_feat_room,
          saegor_snake_ambush, uniq_ijyb
D:6:      layout_layer_cave, okawaru_ov_weapons_minmay,
          nicolae_figureground_pulse
D:7:      layout_gridville, serial_shops, kennysheep_mini, enter_bailey_1,
          uniq_maggie

Skill      XL: |  1  2  3  4  5  6  7  8  9 |
---------------+----------------------------+-----
Axes           | 4 5 6 8 9 11 14 15 | 15.5
Fighting       | |  3.7
Armour         | |  2.5
Dodging        | |  2.3

Action                   |  1- 3 |  4- 6 |  7- 9 || total
-------------------------+-------+-------+-------++-------
Melee: Hand axe          |    69 |   118 |    62 ||   249
       Headbutt          |    11 |    14 |    26 ||    51
       Unarmed           |    19 |       |       ||    19
       Punch             |     1 |     1 |       ||     2
       War axe           |       |       |   156 ||   156
Invok: Berserk           |     1 |     4 |     9 ||    14
       Trog's Hand       |       |     2 |     1 ||     3
       Brothers in Arms  |       |       |     1 ||     1
Evoke: Wand              |       |       |     1 ||     1
  Use: Potion            |       |     2 |     5 ||     7
Armor: Ring mail         |    21 |    43 |       ||    64
       Animal skin       |     2 |       |       ||     2
       Chain mail        |       |       |    41 ||    41
       Plate armour      |       |       |    42 ||    42
Dodge: Dodged            |    52 |    45 |    51 ||   148

Table legend: (Time is in decaauts)
 A = Elapsed time spent in this place.
 B = Non-inter-level travel time spent in this place.
 C = Inter-level travel time spent in this place.
 D = Time resting spent in this place.
 E = Time spent auto-exploring this place.
 F = Levels seen in this place.
 G = Mean time per level.
                   A        B        C        D        E       F      G
               +--------+--------+--------+--------+--------+-----+--------+
         Total |   6789 |   6617 |    172 |   1108 |   4243 |   7 |  969.9 |
       Dungeon |   6789 |   6617 |    172 |   1108 |   4243 |   7 |  969.9 |
               +--------+--------+--------+--------+--------+-----+--------+

Top non-repeatable levels by time:
     D:6: 1502 daAuts
     D:3: 1363 daAuts
     D:4: 1169 daAuts
     D:5: 934 daAuts
     D:2: 650 daAuts
     D:7: 634 daAuts
     D:1: 535 daAuts
